 Dungeon Crawl Stone Soup version 0.30-a0-377-g5cb311bc9f (webtiles) character file.

Game seed: 9452470496369489968

534 PyroL the Grave Robber (level 7, -4/51 HPs)
             Began as a Demonspawn Necromancer on Nov 28, 2022.
             Killed from afar by Duvessa (7 damage)
             ... with a bolt of light
             ... on level 4 of the Dungeon.
             The game lasted 00:15:42 (4715 turns).

PyroL the Grave Robber (Demonspawn Necromancer)     Turns: 4715, Time: 00:15:43

Health: -4/51      AC:  5    Str:  9    XL:     7   Next: 4%
Magic:  8/13       EV: 12    Int: 21    God:
Gold:   226        SH:  0    Dex: 18    Spells: 6/14 levels left

rFire   . . .      SeeInvis .    o - +5 dagger "Wiginaid" {drain, Drain rN+ Int+3 Dex+5}
rCold   . . .      Faith    .    (no shield)
rNeg    + . .      Spirit   .    a - +0 robe
rPois   .          Reflect  .    (no helmet)
rElec   .          Harm     .    (no cloak)
rCorr   .          Rampage  .    (no gloves)
Will    .....                    m - +2 pair of boots
Stlth   +.........               (no amulet)
HPRegen 0.28/turn                (no ring)
MPRegen 0.13/turn                (no ring)

@: lit by a corona, animating dead, glowing
A: demonic guardian 1, weakness stinger 2
a: no special abilities


You were on level 4 of the Dungeon.
You visited 2 branches of the dungeon, and saw 6 of its levels.

You collected 226 gold pieces.

Inventory:

Hand Weapons
 o - the +5 dagger "Wiginaid" (weapon) {drain, Drain rN+ Int+3 Dex+5}
   (You found it on level 2 of the Dungeon)

   A truly terrible weapon, it drains the life of any living foe it strikes.
   Int:       It affects your intelligence (+3).
   Dex:       It affects your dexterity (+5).
   rN:        It protects you from negative energy.
   Drain:     It drains your maximum health when unequipped.
Armour
 a - a +0 robe (worn)
 m - a +2 pair of boots (worn)
Scrolls
 c - 2 scrolls of magic mapping
 d - a scroll of enchant weapon {unknown}
 e - 3 scrolls of teleportation
 f - a scroll of fog {unknown}
 h - a scroll of vulnerability {unknown}
 l - a scroll of torment {unknown}
 n - a scroll of immolation {unknown}
 p - 2 scrolls of identify
 r - a scroll of poison {unknown}
Potions
 b - a potion of magic
 g - 2 potions of lignification
 i - 2 potions of haste {unknown}
 j - a potion of flight {unknown}
 k - 2 potions of brilliance
 q - a potion of mutation {unknown}


   Skills:
 - Level 2.4 Fighting
 - Level 1.7 Dodging
 - Level 1.7 Stealth
 + Level 4.0 Spellcasting
 + Level 7.6 Necromancy


You had 6 spell levels left.
You knew the following spells:

 Your Spells              Type           Power      Damage    Failure   Level
a - Necrotise             Necr           100%       1d9       1%          1
b - Vampiric Draining     Necr           36%        2d8       1%          3
c - Animate Dead          Necr           36%        N/A       4%          4

Your spell library contained the following spells:

 Spells                   Type           Power      Damage    Failure   Level
 Agony                    Necr           36%        N/A       14%         5


Dungeon Overview and Level Annotations

Branches:
Dungeon (5/15)             Temple (1/1) D:5

Altars:
Cheibriados
Dithmenos
Fedhas
Gozag
Hepliaklqana
Makhleb
Nemelex Xobeh
Qazlal
Trog

Shops:
D:2 [[

Annotations:
D:3 Grinder
D:4 Dowan, Duvessa


Innate Abilities, Weirdness & Mutations

A weak demonic guardian rushes to your aid.
You have a tail ending in a sharp stinger.


Message History

Your Spellcasting skill increases to level 4!
You have reached level 7!
Things that are here:
a +4 flail of protection; a +0 scale mail Edmund crumbles into dust!
Things that are here:
a +4 flail of protection; a +0 scale mail
Found a long sword.
A giant cockroach and a goblin come into view.
The giant cockroach waves its antennae.
Duvessa and Dowan come into view.
Duvessa is wielding a +0 rapier, wearing a +0 ring mail of willpower and carrying a wand of light (4).
The giant cockroach writhes in agony.
Duvessa shouts!
The giant cockroach attacks as you move away!
The giant cockroach closely misses you.
Duvessa says, "I don't care about looks, I care about technique!"
Dowan shouts!
You puncture the giant cockroach!
You kill the giant cockroach!
Dowan casts a spell at you.
You are outlined in light.
Casting: Necrotise (safe; 1% risk of failure)
Confirm with . or Enter, or press ? or * to list all spells.
You call upon the dead to rise.
Duvessa zaps a wand.
The bolt of light hits you!
Duvessa writhes in agony!
Dowan casts a spell at Duvessa.
Duvessa seems to speed up.
Duvessa writhes in agony!
The goblin shouts!
Duvessa zaps a wand.
The bolt of light hits you!!
* * * LOW HITPOINT WARNING * * *
Duvessa zaps a wand.
The bolt of light hits you!!
* * * LOW HITPOINT WARNING * * *
A demonic guardian appears!
Your shadow imp misses Duvessa.
Your shadow imp barely misses Duvessa.
Duvessa zaps a wand.
The bolt of light hits you!
You die...

..# #############...## #..
#....##...##...###### ..
#.#.....#...#...#...#
#..#...#.#...#..#...#
#...#...#.....#.#...#
#.....#........##...#
#....############...#
#..#...#########....#
#.#.#...@...........# . #.
#..#....#....)#######
.##.######.....##....).##
...?....##....e##....#).#
.........#####.##...)##.########.
.........# ###5..................
.........###.e..#)######.........
..........e......................
.......................#.........


You could see Duvessa (fast).

Vanquished Creatures
  Edmund (D:4)
  A phantom (D:4)
  A scorpion (D:4)
  A jelly (D:4)
  A hound (D:5)
  An iguana (D:4)
  2 orc wizards
  5 adders
  An ufetubus (D:5)
  3 worms
  2 dart slugs
  5 orcs
  7 ball pythons
  5 bats
  An endoplasm (D:3)
  3 giant cockroaches
  8 goblins
  A hobgoblin (D:3)
  2 jackals (D:3)
  2 quokkas
  5 frilled lizards
  6 kobolds
  23 rats
87 creatures vanquished.

Vanquished Creatures (collateral kills)
  A worm (D:2)
  2 orcs
  An endoplasm (D:4)
  A kobold (D:3)
  A quokka (D:2)
6 creatures vanquished.

Vanquished Creatures (others)
  An adder zombie (D:5)
  2 orc zombies (D:4)
3 creatures vanquished.

Grand Total: 96 creatures vanquished

Notes
Turn   | Place    | Note
-------+----------+-------------------------------------------
     0 | D:1      | PyroL the Demonspawn Necromancer began the quest for the
                  | Orb.
     0 | D:1      | Reached XP level 1. HP: 13/13 MP: 3/3
   519 | D:1      | Gained mutation: A weak demonic guardian rushes to your
                  | aid. [demonic ancestry]
   519 | D:1      | Reached XP level 2. HP: 20/20 MP: 1/5
  1000 | D:2      | Found a burning altar of Makhleb.
  1026 | D:2      | Reached skill level 1 in Fighting
  1051 | D:2      | Reached skill level 5 in Necromancy
  1123 | D:2      | Reached XP level 3. HP: 26/26 MP: 2/6
  1127 | D:2      | Learned a level 3 spell: Vampiric Draining
  1351 | D:2      | Found Ydwiluir's Armour Emporium.
  1467 | D:2      | Found a faded altar of an unknown god.
  1567 | D:2      | Found Anleots's Armour Shoppe.
  2031 | D:2      | Identified the +5 dagger "Wiginaid" {drain, Drain rN+ Int+3
                  | Dex+5}
  2125 | D:3      | Reached XP level 4. HP: 33/33 MP: 5/7
  2279 | D:3      | Noticed Grinder
  2465 | D:3      | Reached skill level 6 in Necromancy
  2710 | D:3      | Paralysed by Grinder for 2 turns
  3099 | D:3      | Gained mutation: You have a small tail. [demonic ancestry]
  3099 | D:3      | Reached XP level 5. HP: 39/39 MP: 6/8
  3104 | D:3      | Learned a level 4 spell: Animate Dead
  3256 | D:3      | You fall into a shaft and drop 2 floors!
  3256 | D:5      | Entered Level 5 of the Dungeon
  3256 | D:5      | Found a staircase to the Ecumenical Temple.
  3262 | Temple   | Entered the Ecumenical Temple
  3688 | D:4      | Noticed a phantom
  4335 | D:4      | Noticed Edmund
  4356 | D:4      | Killed a phantom
  4357 | D:4      | Reached skill level 7 in Necromancy
  4357 | D:4      | Gained mutation: You have a tail ending in a sharp stinger.
                  | [demonic ancestry]
  4357 | D:4      | Reached XP level 6. HP: 36/46 MP: 6/10
  4367 | D:4      | Identified the +7 sling "Siffag" {flame, Str+2}
  4405 | D:4      | HP: 2/46 [scorpion (3)]
  4589 | D:4      | Killed Edmund
  4590 | D:4      | Reached XP level 7. HP: 49/51 MP: 1/13
  4697 | D:4      | Noticed Duvessa
  4697 | D:4      | Noticed Dowan
  4710 | D:4      | HP: 2/51 [Duvessa/bolt of light (19)]
  4715 | D:4      | Killed from afar by Duvessa

Illustrated notes

Levels and vault maps discovered:
D:1:      erik_arrival_triangle_small, layout_loops_cross
D:2:      layout_loops_ring, hellmonk_ecumenical_altar_inner_sanctum,
          serial_shops, nicolae_shop_statue_plus, shop, basic_altar,
          minmay_rat_hole
D:3:      layout_basic, uniq_grinder
D:4:      layout_basic, hangedman_decor_slide_cut, grunt_decor_junction,
          uniq_edmund, uniq_duvessa, uniq_pikel
D:5:      layout_rooms, nicolae_overflow_two_pavilions,
          minmay_temple_entry_glassed_door, uniq_eustachio
Temple:   nicolae_temple_slightly_damp_pantheon

Skill      XL: |  1  2  3  4  5  6 |
---------------+-------------------+-----
Fighting       | 1 2 |  2.4
Necromancy     | 5 6 7 |  7.6
Spellcasting   | 3 4 |  4.0
Dodging        | |  1.7
Stealth        | |  1.7

Action                   |  1- 3 |  4- 6 |  7- 9 || total
-------------------------+-------+-------+-------++-------
Melee: Short sword       |    64 |       |       ||    64
       Punch             |     1 |       |       ||     1
       Dagger            |     3 |    69 |     1 ||    73
       Tailslap          |       |    11 |       ||    11
 Cast: Necrotise         |    56 |    58 |     3 ||   117
       Vampiric Draining |       |     4 |       ||     4
       Animate Dead      |       |     3 |     1 ||     4
  Use: Scroll            |       |     4 |       ||     4
 Stab: Sleeping          |     2 |     2 |       ||     4
Armor: Robe              |    13 |    33 |       ||    46
Dodge: Dodged            |    41 |    62 |     1 ||   104

Table legend: (Time is in decaauts)
 A = Elapsed time spent in this place.
 B = Non-inter-level travel time spent in this place.
 C = Inter-level travel time spent in this place.
 D = Time resting spent in this place.
 E = Time spent auto-exploring this place.
 F = Levels seen in this place.
 G = Mean time per level.
                   A        B        C        D        E       F      G
               +--------+--------+--------+--------+--------+-----+--------+
         Total |   4717 |   4289 |    428 |    523 |   2911 |   6 |  786.2 |
       Dungeon |   4529 |   4119 |    410 |    523 |   2755 |   5 |  905.8 |
        Temple |    187 |    169 |     18 |      0 |    156 |   1 |  187.0 |
               +--------+--------+--------+--------+--------+-----+--------+

Top non-repeatable levels by time:
     D:2: 1815 daAuts
     D:3: 1091 daAuts
     D:1: 922 daAuts
     D:4: 650 daAuts
  Temple: 187 daAuts
     D:5: 49 daAuts
